 Dungeon Crawl Stone Soup version 0.31.0-11-ge490571c62 (webtiles) character file.

Game seed: 5075207877402893433

98 Caestello the Ruffian (level 5, -2/37 HPs)
             Began as a Formicid Shapeshifter on Feb 3, 2024.
             Was an Initiate of Qazlal.
             Slain by an ufetubus (4 damage)
             ... on level 4 of the Dungeon.
             The game lasted 00:09:46 (2604 turns).

Caestello the Ruffian (Formicid Shapeshifter)       Turns: 2604, Time: 00:09:46

Health: -2/37      AC:  2    Str: 26    XL:     5   Next: 0%
Magic:  5/5        EV: 12    Int: 13    God:    Qazlal [......]
Gold:   113        SH:  0    Dex: 13    Spells: 4/4 levels left

rFire   . . .        n - +2 spear "Edasmeam" {venom, rElec rN+ Int+3}
rCold   . . .        (no shield)
rNeg    + . .        a - +0 animal skin
rPois   .            (helmet unavailable)
rElec   +            (cloak currently unavailable)
rCorr   .            (gloves currently unavailable)
SInv    +            (boots currently unavailable)
Will    .....        (no amulet)
Stlth   ++           m - +6 ring of strength
HPRegen 0.26/turn    (no ring)
MPRegen 0.09/turn

%: no passive effects
@: beast-form
A: beast (slay +2), permanent stasis, dig shafts and tunnels, antennae 3, four
strong arms
a: Dig, Shaft Self, Begin Untransformation, Renounce Religion


You were on level 4 of the Dungeon.
You worshipped Qazlal.
Qazlal was noncommittal.
You were a hulking beast.
You visited 1 branch of the dungeon, and saw 4 of its levels.

You collected 139 gold pieces.
You spent 26 gold pieces at shops.

Inventory:

Hand Weapons
 j - a +2 short sword of electrocution
 n - the +2 spear "Edasmeam" (weapon) {venom, rElec rN+ Int+3}
   (You found it on level 2 of the Dungeon)

   Int+3:     It affects your intelligence (+3).
   rElec:     It insulates you from electricity.
   rN+:       It protects you from negative energy.
Missiles
 t - 2 throwing nets
Armour
 a - a +0 animal skin (worn)
Jewellery
 m - a +6 ring of strength (left hand)
Talismans
 c - a beast talisman (active)
 d - a serpent talisman
 e - a flux talisman
Scrolls
 f - a scroll of enchant weapon
 h - a scroll of vulnerability
 k - 4 scrolls of noise
 l - 4 scrolls of blinking {unknown}
 o - 3 scrolls of immolation {unknown}
 p - a scroll of amnesia {unknown}
 s - a scroll of teleportation {unknown}
Potions
 b - a potion of lignification
 i - a potion of cancellation
 q - a potion of mutation
 r - a potion of brilliance {unknown}


   Skills:
 + Level 1.4 Fighting
 + Level 0.1 Short Blades
 + Level 0.5 Polearms
 + Level 2.2 Dodging
 + Level 1.7 Stealth
 + Level 4.0 Unarmed Combat
 + Level 3.9 Shapeshifting


You had 4 spell levels left.
You didn't know any spells.
Your spell library contained the following spells:

 Spells                   Type           Power      Damage    Failure   Level
 Summon Small Mammal      Summ           0%         N/A       30%         1
 Call Canine Familiar     Summ           0%         N/A       67%         3
 Summon Blazeheart Golem  Fire/Summ      0%         N/A       97%         4


Dungeon Overview and Level Annotations

Branches:
Dungeon (4/15)
 Temple: D:4-7

Altars:
Qazlal

Shops:
D:2 ?   D:3 ?


Innate Abilities, Weirdness & Mutations

You are a hulking beast.
Your limbs bulge with bestial killing power. (Slay +2)
You cannot be hasted, slowed, berserked, paralysed or teleported.
You can dig through walls and to a lower floor.
You have a pair of large antennae on your head. (SInv)
Your four strong arms can wield two-handed weapons with a shield.


Message History

You feel better. The ufetubus hits you.
* * * LOW HITPOINT WARNING * * *
The ufetubus misses you. The adder bites you.
* * * LOW HITPOINT WARNING * * *
You are lethally poisoned!
The adder poisons you! The orc hits you with a +0 hand axe.
* * * LOW HITPOINT WARNING * * *
You feel better. The ufetubus closely misses you. The ufetubus misses you.
The adder barely misses you. The orc misses you.
The ufetubus closely misses you. x2
You hit the adder.
You kill the adder!
Qazlal accepts your kill. The ufetubus hits you.
* * * LOW HITPOINT WARNING * * *
The ufetubus hits you but does no damage.
The orc closely misses you. The ufetubus barely misses you.
The ufetubus hits you.
* * * LOW HITPOINT WARNING * * *
You feel better. The orc completely misses you. The ufetubus misses you.
The ufetubus barely misses you.
You hit the orc.
The orc is severely wounded.
The ufetubus barely misses you. x2; The orc misses you.
The ufetubus hits you but does no damage.
The ufetubus closely misses you.
You hit the orc.
You kill the orc!
Qazlal accepts your kill. The ufetubus closely misses you.
The ufetubus barely misses you.
You have reached level 5!
You barely miss the ufetubus. The ufetubus slips past you!
The ufetubus hits you.
* * * LOW HITPOINT WARNING * * *
The ufetubus closely misses you. The ufetubus hits you.
* * * LOW HITPOINT WARNING * * *
The ufetubus hits you.
* * * LOW HITPOINT WARNING * * *
The ufetubus closely misses you. The ufetubus hits you.
You die...

#.......# #.#
#.......###.##
#.......'....#
#.......######
#.......#
#.......#
#.......#
######+#.......#
#...:..5h##+####
#......).......#
#..............#
#.............?#
#..............#
#..............#
#........#######
#.........


You could see an ufetubus.

Vanquished Creatures
  An adder (D:4)
  An ufetubus (D:4)
  3 dart slugs
  A ribbon worm (D:3)
  An orc (D:4)
  5 ball pythons
  8 endoplasms
  4 giant cockroaches
  3 goblins
  10 hobgoblins
  3 jackals (D:2)
  A quokka (D:1)
  11 bats
  A frilled lizard (D:2)
  7 kobolds
  4 rats (D:1)
64 creatures vanquished.

Notes
Turn   | Place    | Note
-------+----------+-------------------------------------------
     0 | D:1      | Caestello the Formicid Shapeshifter began the quest for the
                  | Orb.
     0 | D:1      | Reached XP level 1. HP: 15/15 MP: 1/1
    98 | D:1      | Reached XP level 2. HP: 15/21 MP: 2/2
   496 | D:1      | Reached XP level 3. HP: 14/26 MP: 3/3
  1259 | D:2      | Identified the +2 spear "Edasmeam" {venom, rElec rN+ Int+3}
  1412 | D:2      | Reached XP level 4. HP: 32/32 MP: 4/4
  1520 | D:2      | Reached skill level 1 in Stealth
  1532 | D:2      | Found Watziril's Magic Scroll Boutique.
  1538 | D:2      | Bought a scroll of identify for 26 gold pieces
  2084 | D:3      | Reached skill level 4 in Unarmed Combat
  2249 | D:3      | Found a stormy altar of Qazlal.
  2303 | D:3      | Found Rorrao's Magic Scroll Emporium.
  2470 | D:3      | Became a worshipper of Qazlal Stormbringer
  2596 | D:4      | HP: 1/32 [adder (2)]
  2603 | D:4      | Reached XP level 5. HP: 9/37 MP: 5/5
  2604 | D:4      | Slain by an ufetubus

Illustrated notes

Levels and vault maps discovered:
D:1:      moated_graveyard_arrival, layout_loops_corners, nicolae_eternal_life
D:2:      layout_loops_ring, serial_shops, nicolae_shop_rolling_square,
          hangedman_glass_teeth
D:3:      layout_rooms, nicolae_overflow_crystal_walls, serial_shops,
          nicolae_square_shop, grunt_ministairs_15
D:4:      layout_basic, nicolae_overflow_hallway_of_the_gods

Skill      XL: |  1  2  3  4 |
---------------+-------------+-----
Dodging        | 2 |  2.2
Stealth        | 1 |  1.7
Unarmed Combat | 4 |  4.0
Fighting       | |  1.4
Short Blades   | |  0.1
Polearms       | |  0.5
Shapeshifting  | |  3.9

Action                     |  1- 3 |  4- 6 || total
---------------------------+-------+-------++-------
  Melee: Unarmed           |    54 |       ||    54
         Short sword       |    25 |       ||    25
         Spear             |     6 |    57 ||    63
         Punch             |     1 |       ||     1
    Use: Scroll            |       |     6 ||     6
         Potion            |       |     4 ||     4
   Stab: Sleeping          |     3 |     3 ||     6
         Distracted        |       |     1 ||     1
 Armour: Animal skin       |    30 |    50 ||    80
         Skin              |     4 |       ||     4
  Dodge: Dodged            |    56 |    50 ||   106
   Form: Beast             |     2 |       ||     2
                           |     1 |       ||     1
         Flux              |     1 |       ||     1
